 Dungeon Crawl Stone Soup version 0.16-a0-3219-g20c30b8 (webtiles) character file.

32496 Chiseanne the Prestidigitator (level 13, -8/79 HPs)
             Began as a Demonspawn Wizard on Dec 21, 2014.
             Was a High Priest of Vehumet.
             Mangled by Snorg (23 damage)
             ... on level 6 of the Lair of Beasts on Dec 22, 2014.
             The game lasted 01:59:24 (24342 turns).

Chiseanne the Prestidigitator (Demonspawn Wizard)  Turns: 24342, Time: 01:59:24

Health: -8/79      AC:  6    Str:  9    XL:     13   Next: 31%
Magic:  0/33       EV: 11    Int: 24    God:    Vehumet [*****.]
Gold:   939        SH:  5    Dex: 11    Spells: 10 memorised, 3 levels left

rFire  + + .     SeeInvis .     w - +2 rod of clouds (3/12)
rCold  + . .     Clarity  +     h - +0 robe of the Many Songs {rPois rC+ Curse}
rNeg   . . .     SustAb   .     l - +2 buckler
rPois  +         Gourm    .     c - +0 hat {rF+}
rElec  .         Spirit   +     P - +1 cloak of Failure {Stlth+}
rCorr  .         Warding  .     X - +0 pair of gloves (curse)
rMut   .         Stasis   .     R - +0 pair of boots
MR     +....                    g - amulet of clarity
Stlth  ++........               B - ring of protection from magic
                                y - ring of wizardry

@: very slightly contaminated, repel missiles, somewhat resistant to hostile
enchantments, unstealthy
A: antennae 2, claws 2, talons 2, fire resistance 1, magic shield, magic
regeneration, magic link, flame cloud immunity
a: Renounce Religion


You were on level 6 of the Lair of Beasts.
You worshipped Vehumet.
Vehumet was extremely pleased with you.
You were hungry.

You visited 3 branches of the dungeon, and saw 17 of its levels.
You also visited: Sewer and Volcano.

You collected 939 gold pieces.

Inventory:

Hand weapons
 a - a +4 short sword of venom
 d - a +1 whip of electrocution
 n - the +12 short sword of the Original Sin {pierce, rC+ Int+2, unknown}
   (You found it on level 2 of the Lair of Beasts)

   It inflicts extra damage upon your enemies.
   It affects your intelligence (+2).
   It protects you from cold.
 s - a +1 flail of protection
Armour
 c - a +0 hat of fire resistance (worn)
 h - the +0 robe of the Many Songs (worn) {rPois rC+ Curse}
   (You found it on level 1 of the Lair of Beasts)

   It protects you from cold.
   It protects you from poison.
   It may recurse itself when equipped.
 l - a +2 buckler (worn)
 p - a +2 robe of cold resistance
 P - the +1 cloak of Failure (worn) {Stlth+}
   (You acquired it on level 3 of the Lair of Beasts)

   It makes you more stealthy.
 R - a +0 pair of boots (worn)
 X - a cursed +0 pair of gloves (worn)
Magical staves
 j - an uncursed staff of cold
Rods
 w - a +2 rod of clouds (3/12) (weapon)
   (You found it on level 1 of the Lair of Beasts)
Jewellery
 g - an amulet of clarity (around neck)
 m - an uncursed ring of teleportation
 y - a ring of wizardry (left hand)
 B - a ring of protection from magic (right hand)
 K - an uncursed ring of flight
Magical devices
 e - a wand of lightning (7)
 L - a wand of fireball (2)
 N - a wand of teleportation (5)
Scrolls
 b - a scroll of blinking
 i - 5 scrolls of remove curse
 o - 2 scrolls of fog
 D - a scroll of fear
 E - a scroll of summoning
 U - 3 scrolls of vulnerability
 V - a scroll of magic mapping
 W - 3 scrolls of teleportation
 Y - 2 scrolls of identify
Potions
 k - 5 potions of magic
 t - 2 potions of flight
 v - 2 potions of cancellation
 C - 4 potions of restore abilities
 H - a potion of haste
 Q - 3 potions of curing
 Z - 2 potions of invisibility
Miscellaneous
 T - a phial of floods
Comestibles
 f - 8 meat rations
 q - 7 beef jerkies
 r - a poisonous chunk of flesh
 I - 10 royal jellies
 J - 10 slices of pizza
 S - 11 bread rations


   Skills:
 - Level 1.7 Dodging
 - Level 1.7 Stealth
 * Level 12.2 Spellcasting
 * Level 10.7 Conjurations
   Level 1.0 Summonings
 - Level 0.8 Translocations
 - Level 2.2 Fire Magic
 - Level 9.0 Air Magic
 - Level 2.4 Poison Magic
 - Level 12.6 Evocations


You had 3 spell levels left.
You knew the following spells:

 Your Spells              Type           Power        Failure   Level  Hunger
a - Magic Dart            Conj           ####         1%          1    None
b - Force Lance           Conj/Tloc      #####...     1%          4    None
c - Venom Bolt            Conj/Pois      #####.....   1%          5    ###....
d - Lightning Bolt        Conj/Air       ######....   1%          5    ###....
e - Bolt of Magma         Conj/Fire/Erth #####.....   3%          5    ###....
f - Mephitic Cloud        Conj/Pois/Air  ######..     1%          3    None
g - Conjure Flame         Conj/Fire      #####...     1%          3    None
h - Repel Missiles        Chrm/Air       #####.       1%          2    None
i - Blink                 Tloc           N/A          3%          2    None
j - Inner Flame           Hex/Fire       ###.....     1%          3    None


Dungeon Overview and Level Annotations

Branches:
Dungeon (10/15)            Temple (1/1) D:7            Lair (6/8) D:10
 Spider (0/5) Lair:6        Slime (0/6) Lair:6          Orc (0/4) D:10
  Swamp: Lair:3-6    Shoals: Lair:3-6

Altars:
Ashenzari
Cheibriados
Dithmenos
Elyvilon
Fedhas
Gozag
Kikubaaqudgha
Makhleb
Nemelex Xobeh
Okawaru
Qazlal
Ru
Sif Muna
Trog
Vehumet
Xom
Yredelemnul
Zin
The Shining One
Beogh
Jiyva

Annotations:
Lair:6 runed door, Snorg


Innate Abilities, Weirdness & Mutations

You have a pair of antennae on your head.
You have very sharp fingernails.
You have razor-sharp toenails.
Your flesh is heat resistant.
When hurt, damage is shared between your health and your magic reserves.
You regenerate magic rapidly.
When low on magic, you restore magic in place of health.
You are immune to clouds of flame.


Message History

Unknown command.
Casting: Venom Bolt
Confirm with . or Enter, or press ? or * to list all spells.
Aiming: Force Lance
Press: ? - help, Shift-Dir - straight line, f/p - Snorg
Aim: Snorg (almost dead, berserk, fast, unusually strong, poisoned)
The lance of force hits Snorg.
Snorg is almost dead.
Snorg is knocked back by the lance of force.
Snorg looks more healthy.
You enter the shallow water.
Moving in this stuff is going to be slow.
Snorg closely misses you. Snorg claws you. Snorg completely misses you.
Snorg rages.
Snorg bites you!
* * * LOW HITPOINT WARNING * * *
You block Snorg's attack. Snorg claws you!
* * * LOW HITPOINT WARNING * * *
Snorg bites you!!
You die...

#......##..## ..........
###...##...## ## ...#P<....
#...##....####.##. #......
#...##....##...PP.. #......
#...##P............# ##...P.
##...#≈.≈..P...P#.# #...#.
#..≈.≈.≈........# #....#
#...≈≈≈.≈≈≈.(.# ##...##
#.P≈.≈≈.≈≈.@.# ##.†...#
#.P≈≈†≈.≈.≈T≈### ## #....†##
#.#P≈≈≈††.≈≈≈≈≈≈##.###..P....
####....>......#....#..P.....
#≈≈≈≈≈...≈≈≈...........P>...
##≈≈≈.≈.≈.≈≈...##...P..P#P##
#≈≈.≈≈.≈≈.≈....>.<.#..#####
#..≈≈≈.≈≈≈....###.####
#........P....#.#


You could see Snorg (berserk).

Vanquished Creatures
  Fannar (Lair:6)
  A death yak (Lair:6)
  A fire crab (Volcano)
  A catoblepas (Lair:6)
  A hill giant (D:10)
  Pikel (D:8)
  2 manticores (Volcano)
  4 elephants (Lair:2)
  4 spiny frogs
  2 torpor snails
  3 black mambas
  3 komodo dragons
  2 trolls
  A queen bee (Lair:2)
  A two-headed ogre (D:8)
  A polar bear (Lair:5)
  17 blink frogs
  A deep elf mage (D:9)
  5 basilisks (D:10)
  A wyvern (D:9)
  A human (D:7)
  A wraith (D:10)
  39 yaks
  A hog (D:7)
  2 hungry ghosts
  3 hippogriffs
  2 fire elementals (Volcano)
  3 wolves (Lair:5)
  16 porcupines
  5 water moccasins
  8 spiders (Lair:6)
  4 orc warriors (D:10)
  3 slaves
  A necrophage (D:6)
  2 phantoms (D:10)
  3 sky beasts
  7 ogres
  2 ice beasts
  A boring beetle (Lair:6)
  Duvessa (D:8)
  11 crocodiles
  4 centaurs
  4 big kobolds
  Blork the orc (D:8)
  15 giant frogs
  A wyvern skeleton (D:6)
  30 killer bees
  2 scorpions
  12 wights
  Dowan (D:8)
  8 crimson imps
  A jelly (D:10)
  A quasit (D:7)
  A giant frog zombie (D:8)
  A giant frog skeleton (D:6)
  7 iguanas
  8 hounds
  8 orc priests
  4 orc wizards
  6 hell rats (Lair:4)
  18 sheep
  3 worker ants
  A killer bee zombie (D:10)
  2 hound zombies
  A mummy (D:7)
  6 gnolls
  24 river rats
  27 adders
  2 shadow imps
  A giant mite (D:6)
  A worm (D:5)
  13 giant geckos
  An ooze (D:1)
  59 orcs
  19 bats
  4 bat skeletons
  17 goblins
  14 hobgoblins
  11 quokkas
  2 ball pythons
  10 giant cockroaches
  5 giant newts
  3 hobgoblin zombies (D:7)
  10 jackals
  40 kobolds
  A kobold zombie (D:7)
  20 rats
  2 ballistomycetes (D:6)
  3 butterflies (D:7)
  9 fungi
  9 plants
622 creatures vanquished.

Vanquished Creatures (collateral kills)
  A yak (D:10)
  A killer bee (Lair:2)
2 creatures vanquished.

Vanquished Creatures (others)
  A water elemental (D:10)
  A slave (D:8)
  A wight (D:9)
  A giant spore (D:6)
  5 plants (D:10)
  6 toadstools (Lair:6)
15 creatures vanquished.

Grand Total: 639 creatures vanquished

Notes
Turn   | Place    | Note
--------------------------------------------------------------
     0 | D:1      | Chiseanne, the Demonspawn Wizard, began the quest for the Orb.
     0 | D:1      | Reached XP level 1. HP: 13/13 MP: 4/4
   439 | D:1      | Gained mutation: When hurt, damage is shared between your health and your magic reserves. [demonic ancestry]
   439 | D:1      | Reached XP level 2. HP: 17/19 MP: 1/6
   489 | D:1      | Learned a level 2 spell: Repel Missiles
   981 | D:2      | Gained mutation: Your flesh is heat resistant. [demonic ancestry]
   981 | D:2      | Reached XP level 3. HP: 24/24 MP: 1/8
  1080 | D:2      | Reached skill level 4 in Spellcasting
  2281 | D:3      | Gained mutation: You have sharp fingernails. [demonic ancestry]
  2281 | D:3      | Reached XP level 4. HP: 23/30 MP: 1/11
  2501 | D:3      | Learned a level 3 spell: Conjure Flame
  2507 | D:3      | Learned a level 3 spell: Mephitic Cloud
  3409 | D:4      | Noticed an ogre
  3410 | D:4      | Noticed a centaur
  3424 | D:4      | Killed a centaur
  3424 | D:4      | Reached skill level 5 in Spellcasting
  3424 | D:4      | Gained mutation: You are immune to clouds of flame. [demonic ancestry]
  3424 | D:4      | Reached XP level 5. HP: 21/35 MP: 9/15
  3590 | D:4      | Found an iron altar of Okawaru.
  3858 | D:4      | Killed an ogre
  3858 | D:4      | Gained mutation: You have sharp toenails. [demonic ancestry]
  3858 | D:4      | Reached XP level 6. HP: 41/41 MP: 4/17
  4098 | D:4      | Found a blossoming altar of Fedhas.
  4176 | D:4      | Noticed an ogre
  4217 | D:4      | Killed an ogre
  4518 | D:5      | Entered Level 5 of the Dungeon
  4593 | D:5      | Reached skill level 6 in Spellcasting
  4593 | D:5      | Gained mutation: You have a pair of small antennae on your head. [demonic ancestry]
  4593 | D:5      | Reached XP level 7. HP: 39/46 MP: 5/20
  4812 | D:5      | Reached skill level 5 in Conjurations
  5443 | D:6      | Found a glowing drain.
  5475 | Sewer    | Entered a sewer
  5627 | Sewer    | Found a white marble altar of Elyvilon.
  6053 | D:6      | Reached skill level 7 in Spellcasting
  6053 | D:6      | Gained mutation: You regenerate magic rapidly. [demonic ancestry]
  6053 | D:6      | Reached XP level 8. HP: 42/52 MP: 6/23
  7233 | D:6      | Found an iron altar of Okawaru.
  7260 | D:6      | Reached skill level 8 in Spellcasting
  7885 | D:6      | Found a deep blue altar of Sif Muna.
  7899 | D:6      | Found a burning altar of Makhleb.
  8108 | D:7      | Gained mutation: You have a pair of antennae on your head. [demonic ancestry]
  8108 | D:7      | Reached XP level 9. HP: 49/57 MP: 13/25
  8347 | D:7      | Learned a level 2 spell: Blink
  8381 | D:7      | Found a sparkling altar of Nemelex Xobeh.
  8382 | D:7      | Found a shimmering altar of Xom.
  8528 | D:7      | Reached skill level 9 in Spellcasting
  8773 | D:7      | Found a staircase to the Ecumenical Temple.
  8788 | Temple   | Entered the Ecumenical Temple
  9616 | D:8      | Noticed Dowan
  9621 | D:8      | Noticed Duvessa
  9638 | D:8      | Killed Duvessa
  9743 | D:8      | Killed Dowan
  9948 | D:8      | Noticed Blork the orc
  9965 | D:8      | Killed Blork the orc
  9965 | D:8      | Reached skill level 10 in Spellcasting
 10087 | D:8      | Noticed Pikel
 10679 | D:8      | Found a radiant altar of Vehumet.
 10791 | D:8      | Became a worshipper of Vehumet
 10983 | D:8      | Gained mutation: When low on magic, you restore magic in place of health. [demonic ancestry]
 10983 | D:8      | Reached XP level 10. HP: 63/63 MP: 14/28
 11381 | D:8      | Killed Pikel
 11381 | D:8      | Reached skill level 10 in Conjurations
 11532 | D:8      | Learned a level 5 spell: Lightning Bolt
 11568 | D:9      | Reached skill level 1 in Air Magic
 12073 | D:9      | Acquired Vehumet's first power
 12073 | D:9      | Offered knowledge of Freeze by Vehumet.
 12236 | D:9      | Learned a level 5 spell: Venom Bolt
 12692 | D:10     | Entered Level 10 of the Dungeon
 12714 | D:10     | Noticed a hill giant
 12722 | D:10     | Killed a hill giant
 12722 | D:10     | Reached skill level 5 in Air Magic
 12988 | D:10     | Offered knowledge of Throw Flame by Vehumet.
 13068 | D:10     | Gained mutation: You have razor-sharp toenails. [demonic ancestry]
 13068 | D:10     | Reached XP level 11. HP: 43/68 MP: 22/29
 13227 | D:10     | Offered knowledge of Inner Flame by Vehumet.
 13239 | D:10     | Learned a level 3 spell: Inner Flame
 13635 | D:10     | Acquired Vehumet's second power
 13635 | D:10     | Reached skill level 1 in Poison Magic
 13772 | D:10     | Found a staircase to the Lair.
 14017 | D:10     | Offered knowledge of Force Lance by Vehumet.
 14031 | D:10     | Learned a level 4 spell: Force Lance
 14116 | D:10     | Found a staircase to the Orcish Mines.
 14521 | D:10     | Found a roughly hewn altar of Beogh.
 14698 | Lair:1   | Entered Level 1 of the Lair of Beasts
 14837 | Lair:1   | Identified a +0 rod of clouds (9/9) (You found it on level 1 of the Lair of Beasts)
 14848 | Lair:1   | Found a dark tunnel.
 14853 | Volcano  | Entered a volcano
 14862 | Volcano  | Reached skill level 1 in Fire Magic
 14878 | Volcano  | Noticed a fire crab
 14886 | Volcano  | Reached skill level 11 in Spellcasting
 14889 | Volcano  | Killed a fire crab
 15274 | Lair:1   | Acquired Vehumet's third power
 15305 | Lair:1   | Offered knowledge of Bolt of Magma by Vehumet.
 15408 | Lair:1   | Learned a level 5 spell: Bolt of Magma
 15462 | Lair:1   | Reached skill level 1 in Evocations
 16046 | Lair:1   | Reached XP level 12. HP: 74/74 MP: 16/32
 16251 | Lair:1   | Reached skill level 5 in Evocations
 16592 | Lair:1   | Got a heavy robe
 16624 | Lair:1   | Identified the +0 robe of the Many Songs {rPois rC+ Curse} (You found it on level 1 of the Lair of Beasts)
 17078 | Lair:2   | Got an ivory short sword
 17652 | Lair:2   | Offered knowledge of Airstrike by Vehumet.
 18711 | Lair:3   | Got a faintly humming robe
 18725 | Lair:3   | Identified the cursed +0 robe of the Slorg {rC+ Str+4 Stlth-} (You found it on level 3 of the Lair of Beasts)
 18760 | Lair:3   | Reached skill level 10 in Evocations
 18995 | Lair:3   | Identified a scroll of acquirement
 19004 | Lair:3   | Got a warped cloak
 19020 | Lair:3   | Identified the +1 cloak of Failure {Stlth+} (You acquired it on level 3 of the Lair of Beasts)
 21322 | Lair:5   | Reached skill level 12 in Evocations
 21605 | Lair:5   | Gained mutation: You have very sharp fingernails. [demonic ancestry]
 21605 | Lair:5   | Reached XP level 13. HP: 79/79 MP: 31/32
 22140 | Lair:5   | Offered knowledge of Poison Arrow by Vehumet.
 23646 | Lair:6   | Found a runed door.
 23646 | Lair:6   | Found a viscous altar of Jiyva.
 23647 | Lair:6   | Found a staircase to the Slime Pits.
 23647 | Lair:6   | Noticed an acid blob
 23648 | Lair:6   | Noticed an acid blob
 23872 | Lair:6   | Noticed Fannar
 23892 | Lair:6   | Killed Fannar
 24181 | Lair:6   | Found a hole to the Spider Nest.
 24306 | Lair:6   | Noticed Snorg
 24342 | Lair:6   | Mangled by Snorg

Action                   |  1- 3 |  4- 6 |  7- 9 | 10-12 | 13-15 || total
-------------------------+-------+-------+-------+-------+-------++-------
Melee: Mace              |    10 |       |       |       |       ||    10
       Short sword       |    17 |    58 |   176 |    17 |       ||   268
       Flail             |       |       |    42 |    63 |       ||   105
       Whip              |       |       |       |    13 |       ||    13
 Cast: Magic Dart        |    77 |   117 |   399 |   434 |    42 ||  1069
       Repel Missiles    |     1 |       |     2 |     1 |       ||     4
       Conjure Flame     |       |     4 |     9 |    24 |       ||    37
       Mephitic Cloud    |       |     3 |    28 |    27 |       ||    58
       Lightning Bolt    |       |       |       |    82 |    37 ||   119
       Venom Bolt        |       |       |       |    80 |    15 ||    95
       Force Lance       |       |       |       |   118 |    42 ||   160
       Inner Flame       |       |       |       |     1 |       ||     1
       Bolt of Magma     |       |       |       |     9 |     9 ||    18
Evoke: Phial of floods   |       |       |       |     1 |       ||     1
       Wand              |       |       |       |    13 |       ||    13
       Rod               |       |       |       |    31 |    12 ||    43
  Use: Scroll            |     1 |    12 |     8 |    20 |     3 ||    44
       Potion            |       |       |     7 |     7 |       ||    14
 Stab: Sleeping          |     1 |       |     2 |       |       ||     3
       Confused          |       |       |       |     1 |       ||     1
  Eat: Chunk             |     4 |     6 |    22 |    50 |    10 ||    92
       Fruit             |       |       |       |    24 |    11 ||    35
       Beef jerky        |       |       |       |       |     1 ||     1
